 Dungeon Crawl Stone Soup version 0.24-a0-114-g5d539f0 (console) character file.

Game seed: 14774843761906270150

22 Duffy the Chopper (level 2, 0/26 HPs)
             Began as a Naga Gladiator on Feb 15, 2019.
             Slain by an ooze (3 damage)
             ... on level 2 of the Dungeon.
             The game lasted 00:00:29 (655 turns).

Duffy the Chopper (Naga Gladiator)                   Turns: 655, Time: 00:00:29

Health: 0/26       AC:  3    Str: 16    XL:     2   Next: 91%
Magic:  2/2        EV: 10    Int:  8    God:
Gold:   0          SH:  0    Dex: 12    Spells: 1/1 levels left

rFire    . . .     SeeInvis +   a - +0 war axe
rCold    . . .     Gourm    .   (no shield)
rNeg     . . .     Faith    .   b - +0 leather armour
rPois    +         Spirit   .   c - +0 helmet
rElec    .         Reflect  .   (no cloak)
rCorr    .         Harm     .   (no gloves)
MR       .....                  (no barding)
Stlth    +.........             (no amulet)
HPRegen  0.08/turn              (no ring)
MPRegen  0.08/turn              (no ring)

@: lethally poisoned (0 -> -1), short of breath, very slow
A: large, see invisible, deformed body, poison resistance, slowness 2, slow
metabolism 1, spit poison 1, AC +0
a: Spit Poison


You were on level 2 of the Dungeon.
You were not hungry.

You visited 1 branch of the dungeon, and saw 2 of its levels.

Inventory:

Hand Weapons
 a - a +0 war axe (weapon)
Missiles
 d - 3 throwing nets (quivered)
Armour
 b - a +0 leather armour (worn)
 c - a +0 helmet (worn)
Scrolls
 i - a scroll of teleportation {unknown}
 j - a scroll of amnesia {unknown}
Potions
 e - a potion of brilliance {unknown}
 h - a potion of flight {unknown}
 k - a potion of mutation {unknown}
Comestibles
 f - 3 rations
 g - a chunk of flesh


   Skills:
 - Level 2.0 Fighting
 + Level 4.0 Axes
 - Level 1.7 Throwing
 - Level 2.4 Dodging


You had one spell level left.
You didn't know any spells.
Your spell library was empty.

Dungeon Overview and Level Annotations

Branches:
Dungeon (2/15)

Altars:


Innate Abilities, Weirdness & Mutations

You cannot wear boots.
Your serpentine skin is tough. (AC +0)
You have supernaturally acute eyesight. (SInv)
Armour fits poorly on your strangely shaped body.
Your system is resistant to poisons. (rPois)
You cover ground very slowly.
You have a slow metabolism.
You can spit poison.


Message History

You are too injured to fight recklessly!
You are too injured to fight recklessly!
You are too injured to fight recklessly!
You are too injured to fight recklessly!
You are too injured to fight recklessly!
You are too injured to fight recklessly!
You are too injured to fight recklessly!
Press: ? - help, Shift-Dir - straight line, f - adder
Aim: an adder (severely wounded)
The splash of poison hits the adder.
The adder is almost dead.
You feel slightly more hungry. The adder bites you but does no damage.
The adder bites you.
You slash the adder!
You kill the adder!
Your Axes skill increases to level 4!
You miss the adder. The adder bites you but does no damage.
The adder closely misses you.
You feel sick. The ooze hits you.
You die...

##...##.# .....#.#
.......###
#......... >
######....[...#
(.###..............
...................
..........@J$.....
###.......S......
#..<...........
...............#...
#........####### ##
..#.##...# # #
.....# .......
.#####.


You could see an ooze and an adder.

Vanquished Creatures
  An adder (D:2)
  4 goblins (D:1)
  A hobgoblin (D:1)
  3 bats (D:1)
  A frilled lizard (D:1)
  4 kobolds (D:1)
14 creatures vanquished.

Notes
Turn   | Place    | Note
-------+----------+-------------------------------------------
     0 | D:1      | Duffy the Naga Gladiator began the quest for the Orb.
     0 | D:1      | Reached XP level 1. HP: 19/19 MP: 1/1
   449 | D:1      | Reached XP level 2. HP: 23/26 MP: 2/2
   654 | D:2      | Reached skill level 4 in Axes
   655 | D:2      | Slain by an ooze

Levels and vault maps discovered:
D:1:      minmay_arrival_shattered_statue, layout_basic, serial_park_tiny_2
D:2:      layout_rooms, nicolae_ru_sacrificial_ziggurat

Skill      XL: |  1  2 |
---------------+-------+-----
Axes           | 4 |  4.0
Fighting       | |  2.0
Throwing       | |  1.7
Dodging        | |  2.4

Action                   || total
-------------------------++-------
Melee: War axe           ||    41
 Abil: Spit Poison       ||     1
 Stab: Sleeping          ||     1
Armor: Leather armour    ||     9
Dodge: Dodged            ||    28

Table legend:
 A = Non-vault XP
 B = Vault XP
 C = Vault XP percentage of total XP
 D = Non-vault monster count
 E = Vault monster count
 F = Vault count percentage of total count
                 A         B        C        D         E       F
            +---------+---------+-------+---------+---------+-------
      Total |      32 |       0 |   0.0 |      14 |       0 |   0.0
            +---------+---------+-------+---------+---------+-------
        D:1 |      19 |       0 |   0.0 |      13 |       0 |   0.0
        D:2 |      13 |       0 |   0.0 |       1 |       0 |   0.0
            +---------+---------+-------+---------+---------+-------
